 Dungeon Crawl Stone Soup version 0.29.1-15-g9cfb28693d (webtiles) character file.

Game seed: 18129848938927581283

3003 jtron the Cleaver (level 9, -2/74 HPs)
             Began as a Gnoll Berserker on Mar 21, 2023.
             Was a Priest of Trog.
             Slain by a wraith (8 damage)
             ... on level 7 of the Dungeon.
             The game lasted 00:12:05 (7787 turns).

jtron the Cleaver (Gnoll Berserker)                 Turns: 7787, Time: 00:12:05

Health: -2/74      AC: 11    Str: 19    XL:     9   Next: 84%
Magic:  16/16      EV: 12    Int:  6    God:    Trog [***...]
Gold:   409        SH:  0    Dex: 14    Spells: 17/17 levels left

rFire   . . .      SeeInvis +   a - +1 battleaxe
rCold   + + .      Faith    .   (shield currently unavailable)
rNeg    + . .      Spirit   .   q - +1 scale mail of Xecliecu {*Corrode rC++ SInv}
rPois   .          Reflect  .   r - +1 helmet
rElec   .          Harm     .   e - scarf {shadows}
rCorr   .          Rampage  .   (no gloves)
Will    .....                   (no boots)
Stlth   +.........              (no amulet)
HPRegen 0.22/turn               k - ring of positive energy
MPRegen 0.15/turn               (no ring)

@: slowed, very slow
A: fangs 1, strong nose, distributed training
a: Renounce Religion, Berserk, Trog's Hand


You were on level 7 of the Dungeon.
You worshipped Trog.
Trog was most pleased with you.
You visited 1 branch of the dungeon, and saw 7 of its levels.

You collected 409 gold pieces.

Inventory:

Hand Weapons
 a - a +1 battleaxe (weapon)
 b - a +0 shortbow
Missiles
 n - 77 stones
 p - 22 poisoned darts (quivered)
Armour
 e - a scarf of shadows (worn)
 o - +0 steam dragon scales
 q - the +1 scale mail of Xecliecu (worn) {*Corrode rC++ SInv}
   (You found it on level 5 of the Dungeon)

   rC:        It greatly protects you from cold.
   SInv:      It lets you see invisible.
   *Corrode:  It may corrode you when you take damage.
 r - a +1 helmet (worn)
Jewellery
 k - a ring of positive energy (left hand)
Wands
 j - a wand of flame (15)
Scrolls
 d - 2 scrolls of blinking
 h - 2 scrolls of identify
 l - 2 scrolls of fog
 u - 2 scrolls of teleportation
Potions
 c - 6 potions of heal wounds
 f - 3 potions of mutation
 g - 2 potions of cancellation {unknown}
 i - 6 potions of curing
 m - 2 potions of brilliance
 t - a potion of haste


   Skills:
 + Level 8.2 Fighting
 + Level 4.8 Short Blades
 + Level 4.8 Long Blades
 + Level 8.2 Axes
 + Level 4.8 Maces & Flails
 + Level 4.8 Polearms
 + Level 4.8 Staves
 + Level 4.8 Ranged Weapons
 + Level 4.8 Throwing
 + Level 6.7 Armour
 + Level 6.7 Dodging
 + Level 4.8 Stealth
 + Level 4.8 Shields
 + Level 4.8 Unarmed Combat
 + Level 4.8 Spellcasting
 + Level 4.0 Conjurations
 + Level 4.0 Hexes
 + Level 4.0 Summonings
 + Level 4.0 Necromancy
 + Level 4.0 Translocations
 + Level 4.0 Transmutations
 + Level 4.0 Fire Magic
 + Level 4.0 Ice Magic
 + Level 4.0 Air Magic
 + Level 4.0 Earth Magic
 + Level 4.0 Poison Magic
 + Level 5.3 Invocations
 + Level 4.8 Evocations


You had 17 spell levels left.
You didn't know any spells.
Your spell library was empty.

Dungeon Overview and Level Annotations

Branches:
Dungeon (7/15)             Temple (0/1) D:6

Altars:
Gozag
Hepliaklqana
Nemelex Xobeh
Trog
Wu Jian
Xom
Zin


Innate Abilities, Weirdness & Mutations

You have very sharp teeth.
Your uncanny sense of smell can sniff out nearby items.
Your experience applies equally to all skills.


Message History

The wraith closely misses you.
You slash the wraith! Your bite misses the wraith.
The wraith is moderately damaged.
The wraith hits you! x2; The wraith drains your vigour!
You feel yourself slow down.
You barely miss the wraith.
The wraith is moderately damaged.
The wraith hits you! The wraith drains your vigour!
You feel as though you will be slow longer.
The wraith hits you!
* * * LOW HITPOINT WARNING * * *
The wraith drains your vigour!
You feel as though you will be slow longer.
You slash the wraith!
The wraith is severely damaged.
The wraith hits you.
* * * LOW HITPOINT WARNING * * *
The wraith drains your vigour!
You feel as though you will be slow longer.
You hit the wraith. Your bite misses the wraith.
The wraith is almost destroyed.
The wraith completely misses you. The wraith hits you.
* * * LOW HITPOINT WARNING * * *
You hit the wraith but do no damage. Your bite misses the wraith.
The wraith is almost destroyed.
The wraith hits you.
* * * LOW HITPOINT WARNING * * *
The wraith hits you.
* * * LOW HITPOINT WARNING * * *
The wraith drains your vigour!
You feel as though you will be slow longer.
You closely miss the wraith. You bite the wraith, but do no damage.
The wraith is almost destroyed.
The wraith hits you.
* * * LOW HITPOINT WARNING * * *
The wraith closely misses you.
You hit the wraith.
The wraith is almost destroyed.
The wraith hits you but does no damage. The wraith hits you!
You die...

#........ ###......
###........
#########.'....####
#.......#.#...##
#.......#.#########
#.....)...# ......
#......#### .#....
#.@.......##..#....
###W###)......#....
...# #.#.###.#....
..#### #.#... #....
.. #>###.# #.... .
... .# #.... ### #
##... #.)) ##.).


You could see a wraith.

Vanquished Creatures
  Prince Ribbit (D:6)
  Sigmund (D:3)
  A steam dragon (D:7)
  A black bear (D:4)
  A sky beast (D:6)
  2 ogres
  6 centaurs
  5 phantoms
  3 kobold brigands
  A scorpion (D:6)
  A necrophage (D:6)
  4 wights (D:6)
  A killer bee (D:7)
  3 howler monkeys
  3 crimson imps (D:6)
  4 hounds
  A gnoll bouda (D:7)
  An iguana (D:6)
  14 gnolls
  10 adders
  A white imp (D:5)
  4 ufetubi
  4 dart slugs
  2 worms
  2 orcs
  3 endoplasms
  3 giant cockroaches
  11 goblins
  5 hobgoblins
  A jackal (D:1)
  A quokka (D:1)
  9 ball pythons
  2 bats
  A frilled lizard (D:1)
  16 kobolds
  2 rats
131 creatures vanquished.

Vanquished Creatures (others)
  A plant (D:7)
1 creature vanquished.

Grand Total: 132 creatures vanquished

Notes
Turn   | Place    | Note
-------+----------+-------------------------------------------
     0 | D:1      | jtron the Gnoll Berserker began the quest for the Orb.
     0 | D:1      | Reached XP level 1. HP: 23/23 MP: 1/1
   119 | D:1      | Found a faded altar of an unknown god.
   317 | D:1      | Reached XP level 2. HP: 25/29 MP: 2/2
  1093 | D:2      | Reached XP level 3. HP: 35/35 MP: 2/4
  1094 | D:2      | Reached skill level 1 in Invocations
  1101 | D:2      | Reached skill level 1 in Short Blades
  1101 | D:2      | Reached skill level 1 in Long Blades
  1101 | D:2      | Reached skill level 1 in Maces & Flails
  1101 | D:2      | Reached skill level 1 in Polearms
  1101 | D:2      | Reached skill level 1 in Staves
  1101 | D:2      | Reached skill level 1 in Ranged Weapons
  1101 | D:2      | Reached skill level 1 in Throwing
  1101 | D:2      | Reached skill level 1 in Stealth
  1101 | D:2      | Reached skill level 1 in Shields
  1101 | D:2      | Reached skill level 1 in Unarmed Combat
  1101 | D:2      | Reached skill level 1 in Spellcasting
  1101 | D:2      | Reached skill level 1 in Evocations
  1312 | D:2      | Reached XP level 4. HP: 41/41 MP: 5/5
  1459 | D:2      | Reached skill level 1 in Conjurations
  1459 | D:2      | Reached skill level 1 in Hexes
  1459 | D:2      | Reached skill level 1 in Summonings
  1459 | D:2      | Reached skill level 1 in Necromancy
  1459 | D:2      | Reached skill level 1 in Translocations
  1459 | D:2      | Reached skill level 1 in Transmutations
  1459 | D:2      | Reached skill level 1 in Fire Magic
  1459 | D:2      | Reached skill level 1 in Ice Magic
  1459 | D:2      | Reached skill level 1 in Air Magic
  1459 | D:2      | Reached skill level 1 in Earth Magic
  1459 | D:2      | Reached skill level 1 in Poison Magic
  1561 | D:2      | Reached ** piety under Trog
  2071 | D:3      | Reached XP level 5. HP: 47/47 MP: 5/7
  3101 | D:3      | Noticed Sigmund
  3109 | D:3      | Killed Sigmund
  3110 | D:3      | Reached skill level 5 in Armour
  3110 | D:3      | Reached skill level 5 in Dodging
  3110 | D:3      | Reached XP level 6. HP: 53/53 MP: 7/9
  3716 | D:4      | Reached XP level 7. HP: 24/60 MP: 10/10
  4396 | D:4      | Found a hazy altar of Hepliaklqana.
  4602 | D:5      | Entered Level 5 of the Dungeon
  4906 | D:5      | Identified the +1 scale mail of Xecliecu {*Corrode rC++
                  | SInv}
  5099 | D:5      | Reached XP level 8. HP: 64/67 MP: 12/12
  5168 | D:5      | Found a sparkling altar of Nemelex Xobeh.
  5218 | D:5      | Found an ornate altar of the Wu Jian Council.
  6158 | D:6      | Found a bloodstained altar of Trog.
  6159 | D:6      | Found a glowing silver altar of Zin.
  6427 | D:6      | Reached *** piety under Trog
  6445 | D:6      | Noticed Prince Ribbit
  6448 | D:6      | Reached XP level 9. HP: 57/73 MP: 13/15
  6469 | D:6      | Killed Prince Ribbit
  7065 | D:6      | Found a staircase to the Ecumenical Temple.
  7172 | D:6      | Found a shimmering altar of Xom.
  7362 | D:7      | Found an opulent altar of Gozag.
  7410 | D:7      | Reached skill level 5 in Invocations
  7787 | D:7      | Slain by a wraith

Illustrated notes

Levels and vault maps discovered:
D:1:      minmay_arrival_four_loops, layout_basic,
          hellmonk_ecumenical_altar_zigzags, minmay_octomino_e4
D:2:      layout_basic, kennysheep_potato
D:3:      layout_loops_corners, serial_rivers, chequers_serial_rivers_small_a,
          chequers_serial_rivers_large_b, chequers_serial_rivers_small_b,
          chequers_serial_rivers_marsh, chequers_serial_rivers_micro_e,
          chequers_serial_rivers_small_a, minmay_snake_closets, uniq_sigmund
D:4:      layout_loops_ring, worldfamousw_hep_ancestral_shrine,
          serial_park_tiny_2
D:5:      layout_basic, nicolae_wu_jian_wuxing_cycle, nemelex_altar_shiori
D:6:      layout_rooms, nicolae_overflow_squiral, led_xom_imps,
          minmay_temple_entry_arrows, chequers_hall_statues_wall_a,
          uniq_prince_ribbit1
D:7:      layout_basic, grunt_gozag_statues, serial_curves, eino_curves_02,
          eino_curves_02, eino_curves_01, serial_bayou_ford_a,
          kennysheep_generic_room_9

Skill      XL: |  1  2  3  4  5  6  7  8  9 |
---------------+----------------------------+-----
Invocations    | 1 2 3 4 5 |  5.3
Short Blades   | 1 2 3 4 |  4.8
Long Blades    | 1 2 3 4 |  4.8
Maces & Flails | 1 2 3 4 |  4.8
Polearms       | 1 2 3 4 |  4.8
Staves         | 1 2 3 4 |  4.8
Ranged Weapons | 1 2 3 4 |  4.8
Throwing       | 1 2 3 4 |  4.8
Stealth        | 1 2 3 4 |  4.8
Shields        | 1 2 3 4 |  4.8
Unarmed Combat | 1 2 3 4 |  4.8
Spellcasting   | 1 2 3 4 |  4.8
Evocations     | 1 2 3 4 |  4.8
Conjurations   | 1 2 3 4 |  4.0
Hexes          | 1 2 3 4 |  4.0
Summonings     | 1 2 3 4 |  4.0
Necromancy     | 1 2 3 4 |  4.0
Translocations | 1 2 3 4 |  4.0
Transmutations | 1 2 3 4 |  4.0
Fire Magic     | 1 2 3 4 |  4.0
Ice Magic      | 1 2 3 4 |  4.0
Air Magic      | 1 2 3 4 |  4.0
Earth Magic    | 1 2 3 4 |  4.0
Poison Magic   | 1 2 3 4 |  4.0
Armour         | 5 6 |  6.7
Dodging        | 5 6 |  6.7
Fighting       | 7 8 |  8.2
Axes           | 7 8 |  8.2

Action                   |  1- 3 |  4- 6 |  7- 9 || total
-------------------------+-------+-------+-------++-------
Melee: Hand axe          |    53 |       |       ||    53
       Bite              |     5 |    10 |    21 ||    36
       Battleaxe         |     5 |   131 |   237 ||   373
 Fire: Shortbow          |       |       |     2 ||     2
Throw: Dart              |       |       |    11 ||    11
Invok: Berserk           |     1 |     2 |     4 ||     7
       Trog's Hand       |       |       |     2 ||     2
Evoke: Wand              |       |       |     5 ||     5
  Use: Scroll            |     2 |     9 |     7 ||    18
       Potion            |       |       |     2 ||     2
Armor: Animal skin       |     6 |       |       ||     6
       Scale mail        |     4 |    61 |   125 ||   190
Dodge: Dodged            |    17 |    98 |   198 ||   313
